[ PARTIDA AOE2 · #477029153 ]
Team RMGodos vs Maya
[ ANÁLISIS DE REPETICIÓN · EXTRAÍDO DE LA PARTIDA GRABADA ]
Feudal
13:25
Castillos
24:46
Imperial
47:25
| APM promedio | 17.3 |
| APM pico | 118 |
| eAPM promedio | 16.0 |
| Aldeanos / militares | 140 / 542 |
Foco
⚔️ 59.8% · 🌾 40.2%
Huskarl ×291 · Spearman ×246 · Militia ×5
Feudal
15:52
Castillos
30:33
Imperial
38:27
| APM promedio | 9.2 |
| APM pico | 35 |
| eAPM promedio | 7.0 |
| Aldeanos / militares | 71 / 124 |
Foco
⚔️ 40.4% · 🌾 59.6%
Archer ×86 · Plumed Archer ×20 · Trebuchet (Packed) ×8 · Battering Ram ×4 · Mangonel ×2 · Spearman ×2
Feudal
—
Castillos
—
Imperial
—
| APM promedio | 20.3 |
| APM pico | 207 |
| eAPM promedio | 17.9 |
| Aldeanos / militares | 125 / 258 |
Foco
⚔️ 12.0% · 🌾 88.0%
Spearman ×64 · Scout Cavalry ×61 · Skirmisher ×44 · Camel Scout ×34 · Janissary ×25 · Battering Ram ×12
Feudal
13:33
Castillos
21:34
Imperial
43:07
| APM promedio | 17.2 |
| APM pico | 56 |
| eAPM promedio | 12.0 |
| Aldeanos / militares | 124 / 571 |
Foco
⚔️ 46.0% · 🌾 54.0%
Tarkan ×175 · Cavalry Archer ×115 · Knight ×111 · Scout Cavalry ×107 · Skirmisher ×51 · Trade Cart ×12
Feudal
—
Castillos
—
Imperial
—
| APM promedio | 23.5 |
| APM pico | 82 |
| eAPM promedio | 8.9 |
| Aldeanos / militares | 62 / 172 |
Foco
⚔️ 42.5% · 🌾 57.5%
Archer ×73 · Longbowman ×69 · Spearman ×17 · Battering Ram ×7 · Trade Cart ×5 · Trebuchet (Packed) ×4
Feudal
11:45
Castillos
22:48
Imperial
35:51
| APM promedio | 17.1 |
| APM pico | 66 |
| eAPM promedio | 13.7 |
| Aldeanos / militares | 122 / 160 |
Foco
⚔️ 34.4% · 🌾 65.6%
Ballista Elephant ×47 · Scout Cavalry ×26 · Skirmisher ×21 · Archer ×20 · Cavalry Archer ×19 · Knight ×13
Mapa de la partida
Recursos al inicio + cada clic de construcción. Línea gruesa = muro · recuadro discontinuo = muro de casas detectado. 🟡 oro · ⚪ piedra · 🟢 bayas · 🔶 jabalí · ⭕ reliquia
Inputs por minuto
— DoN_888 - - Tosti133
Build order — DoN_888
Primeras 150 de 911 acciones detectadas
| 0:03 | Investigar | Loom |
| 0:04 | Crear | Villager (Male) |
| 0:04 | Crear | Villager (Male) |
| 0:04 | Crear | Villager (Male) |
| 0:05 | Crear | Villager (Male) |
| 0:07 | Construir | House |
| 0:10 | Construir | House |
| 0:12 | Construir | House |
| 3:31 | Crear | Villager (Male) |
| 3:32 | Crear | Villager (Male) |
| 3:32 | Crear | Villager (Male) |
| 3:33 | Crear | Villager (Male) |
| 3:33 | Crear | Villager (Male) |
| 3:35 | Crear | Villager (Male) |
| 4:37 | Construir | Mill |
| 6:30 | Crear | Villager (Male) |
| 6:30 | Crear | Villager (Male) |
| 6:30 | Crear | Villager (Male) |
| 6:31 | Crear | Villager (Male) |
| 6:32 | Crear | Villager (Male) |
| 6:33 | Crear | Villager (Male) |
| 9:08 | Crear | Villager (Male) |
| 9:08 | Crear | Villager (Male) |
| 9:08 | Crear | Villager (Male) |
| 9:09 | Crear | Villager (Male) |
| 9:09 | Crear | Villager (Male) |
| 9:27 | Construir | House |
| 9:29 | Construir | House |
| 9:30 | Construir | House |
| 9:39 | Construir | Mining Camp |
| 10:07 | Construir | Farm |
| 10:10 | Construir | Farm |
| 10:30 | Construir | Farm |
| 10:34 | Construir | Farm |
| 10:38 | Construir | Farm |
| 11:05 | Crear | Villager (Male) |
| 11:06 | Crear | Villager (Male) |
| 11:15 | Investigar | Feudal Age |
| 13:19 | Construir | Lumber Camp |
| 13:25 | Edad | Edad Feudal |
| 13:50 | Construir | Farm |
| 13:55 | Investigar | Wheelbarrow |
| 13:55 | Investigar | Town Watch |
| 13:57 | Investigar | Horse Collar |
| 14:24 | Investigar | Double-Bit Axe |
| 17:24 | Crear | Villager (Male) |
| 17:24 | Crear | Villager (Male) |
| 17:25 | Crear | Villager (Male) |
| 17:37 | Investigar | Gold Mining |
| 17:39 | Investigar | Stone Mining |
| 18:14 | Construir | Farm |
| 18:18 | Construir | Farm |
| 18:29 | Crear | Villager (Male) |
| 18:29 | Crear | Villager (Male) |
| 18:58 | Construir | Farm |
| 19:10 | Construir | Farm |
| 19:30 | Crear | Villager (Male) |
| 19:30 | Crear | Villager (Male) |
| 19:32 | Crear | Villager (Male) |
| 19:53 | Construir | Market |
| 19:58 | Construir | Blacksmith |
| 20:20 | Construir | Farm |
| 20:22 | Construir | Farm |
| 20:26 | Construir | Farm |
| 20:28 | Construir | Farm |
| 20:30 | Construir | Farm |
| 20:31 | Construir | Farm |
| 20:33 | Construir | Farm |
| 20:34 | Construir | Farm |
| 20:36 | Construir | Farm |
| 21:10 | Construir | Farm |
| 21:44 | Construir | House |
| 21:46 | Construir | House |
| 21:48 | Construir | House |
| 21:49 | Construir | House |
| 21:50 | Construir | House |
| 21:51 | Construir | House |
| 22:06 | Investigar | Castle Age |
| 23:23 | Investigar | Forging |
| 23:24 | Investigar | Scale Mail Armor |
| 24:46 | Edad | Edad de los Castillos |
| 24:53 | Construir | Town Center |
| 25:09 | Construir | Town Center |
| 25:14 | Investigar | Stone Shaft Mining |
| 26:02 | Investigar | Hand Cart |
| 26:06 | Investigar | Town Patrol |
| 26:19 | Investigar | Iron Casting |
| 26:21 | Investigar | Chain Mail Armor |
| 26:34 | Crear | Villager (Male) |
| 26:34 | Crear | Villager (Male) |
| 26:35 | Crear | Villager (Male) |
| 26:36 | Crear | Villager (Male) |
| 26:37 | Crear | Villager (Male) |
| 26:38 | Crear | Villager (Male) |
| 26:42 | Crear | Villager (Male) |
| 26:42 | Crear | Villager (Male) |
| 26:44 | Crear | Villager (Male) |
| 26:45 | Crear | Villager (Male) |
| 26:47 | Crear | Villager (Male) |
| 26:53 | Crear | Villager (Male) |
| 26:54 | Crear | Villager (Male) |
| 26:54 | Crear | Villager (Male) |
| 26:59 | Crear | Villager (Male) |
| 29:05 | Crear | Villager (Male) |
| 29:06 | Crear | Villager (Male) |
| 29:07 | Crear | Villager (Male) |
| 29:13 | Crear | Villager (Male) |
| 29:13 | Crear | Villager (Male) |
| 29:14 | Crear | Villager (Male) |
| 29:15 | Crear | Villager (Male) |
| 29:18 | Crear | Villager (Male) |
| 29:18 | Crear | Villager (Male) |
| 29:18 | Crear | Villager (Male) |
| 29:19 | Crear | Villager (Male) |
| 29:19 | Crear | Villager (Male) |
| 29:20 | Crear | Villager (Male) |
| 29:32 | Investigar | Heavy Plow |
| 29:56 | Crear | Villager (Male) |
| 29:57 | Crear | Villager (Male) |
| 30:03 | Construir | Farm |
| 30:25 | Construir | Farm |
| 30:43 | Construir | Farm |
| 30:50 | Construir | Farm |
| 31:09 | Construir | Farm |
| 31:13 | Construir | Farm |
| 31:34 | Construir | Farm |
| 31:58 | Construir | Farm |
| 32:02 | Construir | Farm |
| 32:13 | Construir | Farm |
| 33:00 | Construir | Town Center |
| 33:08 | Crear | Villager (Male) |
| 33:08 | Crear | Villager (Male) |
| 33:08 | Crear | Villager (Male) |
| 33:09 | Crear | Villager (Male) |
| 33:10 | Crear | Villager (Male) |
| 33:48 | Construir | Barracks |
| 34:10 | Construir | Barracks |
| 34:21 | Construir | Barracks |
| 34:29 | Crear | Villager (Male) |
| 34:30 | Crear | Villager (Male) |
| 34:31 | Crear | Villager (Male) |
| 34:32 | Crear | Villager (Male) |
| 34:37 | Investigar | Man-at-Arms (upgrade) |
| 34:42 | Investigar | Pikeman (upgrade) |
| 34:43 | Investigar | Squires |
| 35:06 | Crear | Militia |
| 35:06 | Crear | Militia |
| 35:07 | Crear | Militia |
| 35:07 | Crear | Militia |
| 35:08 | Crear | Militia |
Build order — Tosti133
Primeras 150 de 294 acciones detectadas
| 0:14 | Construir | House |
| 0:19 | Crear | Villager (Male) |
| 0:19 | Crear | Villager (Male) |
| 0:19 | Crear | Villager (Male) |
| 0:20 | Crear | Villager (Male) |
| 0:45 | Construir | House |
| 0:50 | Construir | House |
| 0:54 | Construir | House |
| 0:58 | Construir | House |
| 1:02 | Construir | House |
| 1:23 | Construir | House |
| 1:30 | Construir | House |
| 2:27 | Crear | Villager (Male) |
| 3:10 | Crear | Villager (Male) |
| 3:30 | Crear | Villager (Male) |
| 3:47 | Crear | Villager (Male) |
| 4:24 | Crear | Villager (Male) |
| 4:25 | Crear | Villager (Male) |
| 5:07 | Construir | House |
| 5:10 | Construir | House |
| 5:16 | Crear | Villager (Male) |
| 5:44 | Crear | Villager (Male) |
| 5:46 | Crear | Villager (Male) |
| 6:51 | Crear | Villager (Male) |
| 6:52 | Crear | Villager (Male) |
| 6:53 | Crear | Villager (Male) |
| 6:53 | Crear | Villager (Male) |
| 7:28 | Crear | Villager (Male) |
| 9:18 | Construir | Lumber Camp |
| 9:43 | Construir | Mill |
| 9:53 | Crear | Villager (Male) |
| 9:53 | Crear | Villager (Male) |
| 9:54 | Crear | Villager (Male) |
| 9:54 | Crear | Villager (Male) |
| 10:12 | Crear | Villager (Male) |
| 11:01 | Crear | Villager (Male) |
| 11:02 | Crear | Villager (Male) |
| 11:36 | Crear | Villager (Male) |
| 11:36 | Crear | Villager (Male) |
| 11:37 | Crear | Villager (Male) |
| 12:02 | Crear | Villager (Male) |
| 12:45 | Crear | Villager (Male) |
| 13:16 | Crear | Villager (Male) |
| 13:42 | Investigar | Feudal Age |
| 14:22 | Crear | Villager (Male) |
| 14:23 | Crear | Villager (Male) |
| 14:34 | Construir | Mining Camp |
| 14:38 | Crear | Villager (Male) |
| 15:00 | Crear | Villager (Male) |
| 15:24 | Crear | Villager (Male) |
| 15:52 | Edad | Edad Feudal |
| 15:54 | Construir | Farm |
| 15:57 | Crear | Villager (Male) |
| 15:58 | Investigar | Wheelbarrow |
| 16:15 | Construir | Farm |
| 16:22 | Construir | Farm |
| 16:33 | Construir | Mining Camp |
| 16:43 | Construir | Mining Camp |
| 17:04 | Crear | Villager (Male) |
| 17:04 | Crear | Villager (Male) |
| 17:18 | Construir | Mill |
| 17:24 | Investigar | Double-Bit Axe |
| 17:31 | Investigar | Horse Collar |
| 17:42 | Construir | Farm |
| 17:53 | Construir | Farm |
| 18:12 | Construir | Mining Camp |
| 18:31 | Crear | Villager (Male) |
| 19:16 | Crear | Villager (Male) |
| 19:33 | Crear | Villager (Male) |
| 19:43 | Construir | House |
| 19:48 | Construir | House |
| 20:59 | Construir | House |
| 21:04 | Construir | House |
| 21:08 | Construir | House |
| 21:13 | Crear | Villager (Male) |
| 21:34 | Crear | Villager (Male) |
| 21:58 | Construir | Barracks |
| 22:05 | Construir | Barracks |
| 22:10 | Crear | Villager (Male) |
| 22:31 | Construir | House |
| 22:35 | Construir | House |
| 22:39 | Construir | House |
| 22:44 | Construir | House |
| 22:59 | Crear | Villager (Male) |
| 23:42 | Construir | Farm |
| 23:51 | Construir | Farm |
| 24:22 | Construir | Archery Range |
| 24:26 | Construir | Archery Range |
| 24:33 | Construir | Archery Range |
| 24:37 | Construir | Archery Range |
| 24:40 | Crear | Villager (Male) |
| 24:41 | Crear | Villager (Male) |
| 25:10 | Crear | Villager (Male) |
| 25:25 | Crear | Villager (Male) |
| 26:23 | Construir | House |
| 26:27 | Construir | House |
| 26:33 | Construir | House |
| 26:55 | Construir | Blacksmith |
| 27:13 | Construir | Stone Wall |
| 27:53 | Investigar | Castle Age |
| 28:20 | Construir | Building 487 |
| 28:41 | Construir | Stone Wall |
| 29:14 | Investigar | Fletching |
| 29:15 | Investigar | Forging |
| 29:15 | Investigar | Padded Archer Armor |
| 29:16 | Investigar | Scale Mail Armor |
| 29:24 | Construir | Mining Camp |
| 29:45 | Crear | Archer |
| 29:46 | Crear | Archer |
| 29:48 | Crear | Archer |
| 29:48 | Crear | Archer |
| 29:53 | Crear | Archer |
| 29:53 | Crear | Archer |
| 29:57 | Crear | Archer |
| 29:57 | Crear | Archer |
| 30:13 | Construir | Farm |
| 30:19 | Construir | Farm |
| 30:33 | Edad | Edad de los Castillos |
| 30:39 | Construir | Castle |
| 31:46 | Investigar | Bodkin Arrow |
| 32:14 | Construir | Siege Workshop |
| 32:41 | Construir | Lumber Camp |
| 32:45 | Investigar | Hand Cart |
| 33:06 | Construir | Farm |
| 33:11 | Construir | Farm |
| 33:15 | Crear | Villager (Male) |
| 33:34 | Crear | Battering Ram |
| 33:35 | Crear | Battering Ram |
| 34:08 | Construir | Castle |
| 34:20 | Construir | Market |
| 35:17 | Investigar | Imperial Age |
| 35:30 | Crear | Battering Ram |
| 35:30 | Crear | Battering Ram |
| 36:27 | Investigar | Leather Archer Armor |
| 36:56 | Crear | Mangonel |
| 38:11 | Investigar | Crossbowman (upgrade) |
| 38:27 | Edad | Edad Imperial |
| 38:29 | Crear | Trebuchet (Packed) |
| 38:33 | Crear | Trebuchet (Packed) |
| 40:11 | Crear | Archer |
| 40:11 | Crear | Archer |
| 40:12 | Crear | Archer |
| 40:12 | Crear | Archer |
| 41:00 | Investigar | Thumb Ring |
| 41:03 | Crear | Archer |
| 41:03 | Crear | Archer |
| 41:03 | Crear | Archer |
| 41:43 | Crear | Archer |
| 41:43 | Crear | Archer |
| 41:43 | Crear | Archer |
Build order — FEARthisDUDE
Primeras 150 de 393 acciones detectadas
| 0:03 | Investigar | Loom |
| 0:04 | Crear | Villager (Male) ×4 |
| 0:11 | Construir | House |
| 0:24 | Construir | House |
| 0:27 | Construir | House |
| 0:29 | Construir | House |
| 2:13 | Crear | Villager (Male) |
| 2:43 | Crear | Villager (Male) |
| 3:07 | Crear | Villager (Male) |
| 3:29 | Crear | Villager (Male) |
| 3:47 | Crear | Villager (Male) |
| 4:47 | Crear | Villager (Male) |
| 4:49 | Crear | Villager (Male) |
| 5:40 | Crear | Villager (Male) |
| 5:58 | Crear | Villager (Male) |
| 6:17 | Construir | Mill |
| 6:42 | Crear | Villager (Male) ×3 |
| 7:08 | Construir | Lumber Camp |
| 7:21 | Construir | Mining Camp |
| 7:39 | Crear | Villager (Male) |
| 7:41 | Crear | Villager (Male) |
| 8:13 | Construir | Mining Camp |
| 9:16 | Construir | Mill |
| 9:25 | Investigar | Feudal Age |
| 9:54 | Construir | House |
| 9:57 | Construir | House |
| 9:58 | Construir | House |
| 9:59 | Construir | House |
| 11:41 | Construir | Watch Tower |
| 11:51 | Investigar | Wheelbarrow |
| 11:52 | Investigar | Town Watch |
| 11:53 | Crear | Villager (Male) |
| 13:02 | Construir | Market |
| 13:37 | Construir | Barracks |
| 14:05 | Investigar | Horse Collar |
| 14:09 | Crear | Villager (Male) ×5 |
| 15:02 | Construir | Blacksmith |
| 15:27 | Investigar | Arson |
| 16:49 | Construir | Mining Camp |
| 16:56 | Construir | Stable |
| 17:46 | Investigar | Castle Age |
| 17:53 | Investigar | Gold Mining |
| 18:05 | Construir | Stable |
| 18:47 | Crear | Militia |
| 19:08 | Construir | Farm |
| 19:09 | Construir | Farm |
| 19:09 | Construir | Farm |
| 19:10 | Construir | Farm |
| 19:10 | Construir | Farm |
| 19:10 | Construir | Farm |
| 19:11 | Construir | Farm |
| 19:34 | Crear | Scout Cavalry |
| 19:39 | Crear | Spearman |
| 19:57 | Construir | Farm |
| 19:57 | Construir | Farm |
| 19:58 | Construir | Farm |
| 20:10 | Construir | House |
| 20:13 | Construir | House |
| 20:14 | Construir | House |
| 20:17 | Construir | House |
| 20:42 | Crear | Scout Cavalry |
| 20:59 | Investigar | Heavy Plow |
| 21:48 | Investigar | Squires |
| 22:04 | Crear | Spearman ×4 |
| 22:24 | Crear | Villager (Male) |
| 22:37 | Investigar | Double-Bit Axe |
| 23:28 | Construir | Castle |
| 23:33 | Investigar | Husbandry |
| 23:51 | Crear | Villager (Male) |
| 24:13 | Construir | University |
| 24:26 | Crear | Trade Cart |
| 24:39 | Crear | Trade Cart |
| 25:30 | Investigar | Masonry |
| 25:44 | Crear | Villager (Male) |
| 26:16 | Construir | Town Center |
| 26:26 | Crear | Villager (Male) ×3 |
| 26:30 | Construir | Farm |
| 26:30 | Construir | Farm |
| 26:30 | Construir | Farm |
| 26:30 | Construir | Farm |
| 26:30 | Construir | Farm |
| 26:30 | Construir | Farm |
| 27:41 | Construir | Farm |
| 27:41 | Construir | Farm |
| 27:41 | Construir | Farm |
| 27:42 | Construir | Farm |
| 27:57 | Crear | Janissary |
| 27:57 | Crear | Janissary |
| 28:06 | Construir | Siege Workshop |
| 28:51 | Crear | Villager (Male) ×5 |
| 28:51 | Crear | Villager (Male) ×5 |
| 28:55 | Construir | Farm |
| 28:55 | Construir | Farm |
| 28:55 | Construir | Farm |
| 28:55 | Construir | Farm |
| 28:55 | Construir | Farm |
| 28:55 | Construir | Farm |
| 28:55 | Construir | Farm |
| 28:55 | Construir | Farm |
| 28:55 | Construir | Farm |
| 28:55 | Construir | Farm |
| 29:10 | Construir | Town Center |
| 29:19 | Crear | Villager (Male) ×2 |
| 29:19 | Crear | Villager (Male) ×2 |
| 29:51 | Crear | Trade Cart |
| 29:51 | Crear | Trade Cart |
| 30:31 | Construir | Farm |
| 30:31 | Construir | Farm |
| 30:31 | Construir | Farm |
| 30:31 | Construir | Farm |
| 30:31 | Construir | Farm |
| 30:31 | Construir | Farm |
| 30:50 | Investigar | Hand Cart |
| 30:56 | Construir | Farm |
| 30:56 | Construir | Farm |
| 31:20 | Construir | Farm |
| 31:20 | Construir | Farm |
| 31:20 | Construir | Farm |
| 31:33 | Investigar | Stone Mining |
| 31:35 | Investigar | Gold Shaft Mining |
| 31:45 | Construir | Farm |
| 31:45 | Crear | Janissary |
| 31:45 | Construir | Farm |
| 32:10 | Construir | Farm |
| 33:53 | Investigar | Imperial Age |
| 34:25 | Investigar | Bloodlines |
| 34:26 | Crear | Scout Cavalry ×3 |
| 34:39 | Crear | Villager (Male) |
| 34:39 | Crear | Villager (Male) |
| 34:39 | Crear | Villager (Male) |
| 34:55 | Construir | Siege Workshop |
| 35:03 | Construir | Archery Range |
| 35:04 | Construir | Farm |
| 35:08 | Construir | Archery Range |
| 35:12 | Construir | Archery Range |
| 35:16 | Crear | Janissary ×3 |
| 35:23 | Crear | Villager (Male) ×3 |
| 35:23 | Crear | Villager (Male) ×3 |
| 35:23 | Crear | Villager (Male) ×3 |
| 35:44 | Crear | Villager (Male) ×3 |
| 35:44 | Crear | Villager (Male) ×3 |
| 35:44 | Crear | Villager (Male) ×3 |
| 35:56 | Construir | House |
| 35:57 | Construir | House |
| 35:58 | Construir | House |
| 36:00 | Construir | House |
| 36:01 | Construir | House |
| 36:13 | Construir | Farm |
| 36:17 | Crear | Battering Ram |
| 36:38 | Construir | Farm |
Build order — Asdizio
Primeras 150 de 433 acciones detectadas
| 0:11 | Crear | Villager (Male) ×4 |
| 0:11 | Investigar | Loom |
| 1:36 | Crear | Villager (Male) |
| 2:06 | Crear | Villager (Male) |
| 2:36 | Crear | Villager (Male) |
| 3:38 | Construir | Mill |
| 3:42 | Crear | Villager (Male) |
| 3:42 | Crear | Villager (Male) |
| 4:08 | Crear | Villager (Male) |
| 4:31 | Construir | Lumber Camp |
| 4:35 | Crear | Villager (Male) |
| 5:23 | Crear | Villager (Male) |
| 5:30 | Crear | Villager (Male) |
| 5:39 | Crear | Villager (Male) |
| 7:05 | Crear | Villager (Male) |
| 7:06 | Crear | Villager (Male) |
| 7:19 | Investigar | Loom |
| 7:39 | Construir | Mining Camp |
| 8:10 | Crear | Villager (Male) |
| 8:10 | Crear | Villager (Male) |
| 9:19 | Crear | Villager (Male) |
| 9:52 | Crear | Villager (Male) |
| 10:19 | Crear | Villager (Male) |
| 10:22 | Crear | Villager (Male) |
| 11:21 | Construir | Barracks |
| 11:23 | Investigar | Feudal Age |
| 11:37 | Construir | Farm |
| 11:37 | Construir | Farm |
| 11:37 | Construir | Farm |
| 11:37 | Construir | Farm |
| 11:38 | Construir | Farm |
| 11:38 | Construir | Farm |
| 11:38 | Construir | Farm |
| 11:39 | Construir | Farm |
| 12:00 | Crear | Villager (Male) ×4 |
| 12:49 | Construir | Mining Camp |
| 13:33 | Edad | Edad Feudal |
| 13:42 | Investigar | Double-Bit Axe |
| 13:44 | Investigar | Horse Collar |
| 13:57 | Investigar | Stone Mining |
| 14:06 | Construir | Farm |
| 14:22 | Construir | Stable |
| 14:42 | Construir | Mining Camp |
| 14:53 | Crear | Villager (Male) |
| 15:59 | Crear | Villager (Male) |
| 15:59 | Crear | Villager (Male) |
| 16:37 | Crear | Villager (Male) |
| 17:20 | Construir | Archery Range |
| 17:26 | Construir | Stable |
| 17:28 | Construir | Stable |
| 17:30 | Construir | Archery Range |
| 17:48 | Crear | Villager (Male) |
| 18:06 | Crear | Villager (Male) |
| 18:54 | Investigar | Castle Age |
| 18:58 | Construir | Blacksmith |
| 19:16 | Construir | Stable |
| 19:20 | Construir | Stable |
| 19:34 | Investigar | Bloodlines |
| 19:50 | Investigar | Gold Mining |
| 20:02 | Construir | Farm |
| 20:05 | Construir | Farm |
| 20:11 | Construir | Farm |
| 20:18 | Construir | Farm |
| 20:57 | Construir | Market |
| 21:04 | Crear | Villager (Male) |
| 21:05 | Investigar | Wheelbarrow |
| 21:06 | Crear | Villager (Male) |
| 21:07 | Crear | Villager (Male) |
| 21:34 | Edad | Edad de los Castillos |
| 21:42 | Crear | Knight ×2 |
| 21:46 | Crear | Knight |
| 22:00 | Crear | Knight |
| 22:13 | Construir | Town Center |
| 22:47 | Crear | Villager (Male) |
| 22:48 | Crear | Villager (Male) |
| 23:07 | Crear | Villager (Male) |
| 23:07 | Crear | Villager (Male) |
| 23:16 | Construir | Town Center |
| 23:53 | Construir | Castle |
| 24:02 | Crear | Villager (Male) |
| 24:02 | Crear | Villager (Male) |
| 24:02 | Crear | Villager (Male) |
| 24:13 | Crear | Villager (Male) |
| 24:13 | Crear | Villager (Male) |
| 24:17 | Construir | Farm |
| 24:30 | Crear | Villager (Male) |
| 24:30 | Crear | Villager (Male) |
| 24:49 | Construir | Farm |
| 25:04 | Crear | Villager (Male) ×3 |
| 25:16 | Crear | Villager (Male) |
| 25:47 | Construir | Farm |
| 25:48 | Construir | Farm |
| 25:48 | Construir | Farm |
| 25:52 | Crear | Villager (Male) ×3 |
| 26:07 | Crear | Knight |
| 26:13 | Construir | Mining Camp |
| 26:18 | Crear | Villager (Male) |
| 26:26 | Construir | Monastery |
| 26:32 | Construir | University |
| 26:43 | Crear | Villager (Male) ×2 |
| 26:48 | Construir | Farm |
| 26:53 | Crear | Villager (Male) |
| 26:54 | Crear | Villager (Male) |
| 27:04 | Crear | Villager (Male) |
| 27:05 | Crear | Villager (Male) |
| 27:10 | Crear | Villager (Male) |
| 27:16 | Construir | Farm |
| 27:19 | Construir | Farm |
| 27:22 | Construir | Farm |
| 27:26 | Crear | Monk |
| 27:26 | Crear | Monk |
| 27:39 | Investigar | Husbandry |
| 27:54 | Construir | Castle |
| 28:05 | Investigar | Scale Barding Armor |
| 28:20 | Construir | Town Center |
| 28:23 | Construir | Farm |
| 29:06 | Construir | Siege Workshop |
| 29:15 | Investigar | Chain Barding Armor |
| 29:34 | Crear | Knight ×2 |
| 29:34 | Crear | Knight ×2 |
| 29:50 | Crear | Battering Ram |
| 29:50 | Crear | Battering Ram |
| 29:55 | Investigar | Marauders |
| 29:59 | Crear | Knight ×2 |
| 30:09 | Crear | Villager (Male) |
| 30:10 | Crear | Villager (Male) |
| 30:21 | Crear | Villager (Male) |
| 30:22 | Crear | Villager (Male) |
| 30:22 | Crear | Villager (Male) |
| 31:00 | Investigar | Forging |
| 31:09 | Crear | Tarkan ×2 |
| 31:14 | Crear | Tarkan |
| 31:28 | Construir | Mining Camp |
| 31:33 | Construir | Farm |
| 31:35 | Construir | Farm |
| 31:52 | Crear | Tarkan ×4 |
| 31:56 | Crear | Tarkan |
| 32:16 | Crear | Villager (Male) ×2 |
| 32:16 | Crear | Villager (Male) ×2 |
| 32:34 | Crear | Tarkan ×2 |
| 32:36 | Crear | Tarkan |
| 33:11 | Crear | Tarkan ×2 |
| 33:12 | Crear | Tarkan ×2 |
| 33:13 | Crear | Tarkan |
| 33:19 | Crear | Villager (Male) ×2 |
| 33:19 | Crear | Villager (Male) ×2 |
| 33:41 | Investigar | Murder Holes |
| 34:12 | Investigar | Fletching |
| 34:18 | Investigar | Iron Casting |
| 34:21 | Construir | Farm |
Build order — MAIZE8221
Primeras 150 de 325 acciones detectadas
| 0:04 | Construir | House |
| 0:05 | Construir | House |
| 0:06 | Crear | Villager (Male) |
| 0:06 | Crear | Villager (Male) |
| 0:06 | Crear | Villager (Male) |
| 0:06 | Crear | Villager (Male) |
| 0:07 | Crear | Villager (Male) |
| 0:32 | Investigar | Loom |
| 1:23 | Crear | Villager (Male) |
| 1:23 | Crear | Villager (Male) |
| 2:22 | Crear | Villager (Male) |
| 2:23 | Crear | Villager (Male) |
| 3:18 | Crear | Villager (Male) |
| 3:18 | Crear | Villager (Male) |
| 3:18 | Crear | Villager (Male) |
| 3:48 | Crear | Villager (Male) |
| 4:23 | Crear | Villager (Male) |
| 4:28 | Construir | House |
| 4:45 | Construir | House |
| 4:58 | Crear | Villager (Male) |
| 4:59 | Crear | Villager (Male) |
| 5:31 | Construir | Lumber Camp |
| 6:05 | Crear | Villager (Male) |
| 6:05 | Crear | Villager (Male) |
| 6:06 | Crear | Villager (Male) |
| 6:45 | Construir | Mill |
| 7:13 | Crear | Villager (Male) |
| 7:19 | Investigar | Feudal Age |
| 7:48 | Construir | Farm |
| 8:29 | Construir | Mining Camp |
| 8:32 | Crear | Villager (Male) |
| 8:32 | Crear | Villager (Male) |
| 8:41 | Construir | Farm |
| 9:29 | Construir | Barracks |
| 9:45 | Crear | Villager (Male) |
| 9:45 | Crear | Villager (Male) |
| 9:45 | Crear | Villager (Male) |
| 9:55 | Construir | House |
| 9:56 | Construir | House |
| 10:41 | Crear | Villager (Male) |
| 10:41 | Crear | Villager (Male) |
| 10:41 | Crear | Villager (Male) |
| 10:46 | Investigar | Wheelbarrow |
| 11:02 | Construir | Farm |
| 11:12 | Construir | Farm |
| 11:19 | Construir | Farm |
| 12:50 | Crear | Villager (Male) |
| 12:50 | Crear | Villager (Male) |
| 12:50 | Crear | Villager (Male) |
| 12:50 | Crear | Villager (Male) |
| 14:08 | Investigar | Double-Bit Axe |
| 14:12 | Construir | Farm |
| 14:20 | Construir | Farm |
| 14:37 | Construir | Archery Range |
| 14:38 | Construir | Archery Range |
| 15:01 | Construir | Mining Camp |
| 15:13 | Construir | Market |
| 15:22 | Construir | Blacksmith |
| 15:33 | Crear | Villager (Male) |
| 15:33 | Crear | Villager (Male) |
| 15:35 | Crear | Villager (Male) |
| 15:46 | Construir | House |
| 15:48 | Construir | House |
| 15:49 | Construir | House |
| 15:51 | Construir | House |
| 15:52 | Construir | House |
| 15:54 | Construir | House |
| 16:06 | Investigar | Town Watch |
| 16:26 | Construir | House |
| 16:27 | Construir | House |
| 16:35 | Crear | Villager (Male) |
| 16:35 | Crear | Villager (Male) |
| 16:35 | Crear | Villager (Male) |
| 16:35 | Crear | Villager (Male) |
| 16:36 | Crear | Villager (Male) |
| 17:37 | Construir | Farm |
| 17:44 | Construir | Farm |
| 17:45 | Construir | Farm |
| 18:04 | Crear | Archer |
| 18:04 | Crear | Archer |
| 18:04 | Crear | Archer |
| 18:05 | Crear | Archer |
| 18:07 | Crear | Archer |
| 18:07 | Crear | Archer |
| 18:08 | Crear | Archer |
| 18:08 | Crear | Archer |
| 18:10 | Crear | Archer |
| 18:11 | Crear | Archer |
| 18:20 | Investigar | Horse Collar |
| 18:25 | Investigar | Gold Mining |
| 18:29 | Investigar | Stone Mining |
| 19:07 | Crear | Villager (Male) |
| 19:07 | Crear | Villager (Male) |
| 19:08 | Crear | Villager (Male) |
| 19:56 | Construir | Mining Camp |
| 20:24 | Construir | Farm |
| 20:50 | Construir | Farm |
| 21:09 | Crear | Villager (Male) |
| 21:09 | Crear | Villager (Male) |
| 21:09 | Crear | Villager (Male) |
| 21:24 | Crear | Archer |
| 21:24 | Crear | Archer |
| 21:27 | Crear | Archer |
| 21:28 | Crear | Archer |
| 21:37 | Construir | Farm |
| 21:54 | Investigar | Castle Age |
| 22:17 | Crear | Trade Cart |
| 22:17 | Crear | Trade Cart |
| 22:18 | Crear | Trade Cart |
| 22:18 | Crear | Trade Cart |
| 22:18 | Crear | Trade Cart |
| 23:07 | Investigar | Fletching |
| 23:08 | Investigar | Padded Archer Armor |
| 23:53 | Crear | Archer |
| 23:54 | Crear | Archer |
| 23:54 | Crear | Archer |
| 23:54 | Crear | Archer |
| 23:54 | Crear | Archer |
| 23:56 | Crear | Archer |
| 24:09 | Crear | Villager (Male) |
| 24:09 | Crear | Villager (Male) |
| 24:09 | Crear | Villager (Male) |
| 24:10 | Crear | Villager (Male) |
| 25:15 | Construir | Castle |
| 25:36 | Construir | Mining Camp |
| 25:40 | Investigar | Gold Shaft Mining |
| 25:44 | Investigar | Bodkin Arrow |
| 25:45 | Investigar | Leather Archer Armor |
| 26:01 | Investigar | Crossbowman (upgrade) |
| 26:16 | Construir | Monastery |
| 26:19 | Construir | University |
| 26:44 | Construir | Town Center |
| 26:54 | Crear | Monk |
| 26:54 | Crear | Monk |
| 27:01 | Investigar | Fervor |
| 27:43 | Crear | Longbowman |
| 27:43 | Crear | Longbowman |
| 27:44 | Crear | Longbowman |
| 27:44 | Crear | Longbowman |
| 27:44 | Crear | Longbowman |
| 27:49 | Construir | Mill |
| 27:53 | Crear | Villager (Male) |
| 27:54 | Crear | Villager (Male) |
| 27:54 | Crear | Villager (Male) |
| 27:54 | Crear | Villager (Male) |
| 28:00 | Investigar | Hand Cart |
| 28:20 | Investigar | Treadmill Crane |
| 28:22 | Investigar | Ballistics |
| 28:23 | Investigar | Murder Holes |
| 28:41 | Crear | Archer |
Build order — marcoo_chiosi
Primeras 150 de 446 acciones detectadas
| 0:11 | Construir | House |
| 0:14 | Construir | House |
| 0:25 | Crear | Villager (Male) |
| 0:26 | Crear | Villager (Male) |
| 0:26 | Crear | Villager (Male) |
| 0:26 | Crear | Villager (Male) |
| 0:26 | Crear | Villager (Male) |
| 2:00 | Crear | Villager (Male) |
| 2:01 | Crear | Villager (Male) |
| 3:10 | Crear | Villager (Male) |
| 3:10 | Crear | Villager (Male) |
| 3:10 | Crear | Villager (Male) |
| 3:11 | Crear | Villager (Male) |
| 4:04 | Crear | Villager (Male) |
| 4:04 | Crear | Villager (Male) |
| 4:38 | Construir | House |
| 4:41 | Construir | House |
| 5:40 | Crear | Villager (Male) |
| 5:40 | Crear | Villager (Male) |
| 5:40 | Crear | Villager (Male) |
| 5:44 | Crear | Villager (Male) |
| 5:44 | Crear | Villager (Male) |
| 5:44 | Crear | Villager (Male) |
| 6:45 | Crear | Villager (Male) |
| 6:45 | Crear | Villager (Male) |
| 8:55 | Construir | Lumber Camp |
| 9:07 | Construir | Mill |
| 9:35 | Investigar | Feudal Age |
| 9:50 | Construir | Lumber Camp |
| 10:10 | Construir | Farm |
| 10:14 | Construir | Farm |
| 10:24 | Construir | Mining Camp |
| 11:07 | Crear | Villager (Male) |
| 11:07 | Crear | Villager (Male) |
| 11:07 | Crear | Villager (Male) |
| 11:12 | Crear | Villager (Male) |
| 11:45 | Edad | Edad Feudal |
| 11:59 | Investigar | Double-Bit Axe |
| 12:03 | Investigar | Town Watch |
| 12:11 | Investigar | Horse Collar |
| 12:17 | Construir | Farm |
| 12:30 | Construir | Stable |
| 13:06 | Construir | Farm |
| 13:26 | Construir | Market |
| 14:10 | Construir | Archery Range |
| 14:28 | Construir | Farm |
| 14:52 | Crear | Villager (Male) |
| 14:52 | Crear | Villager (Male) |
| 14:52 | Crear | Villager (Male) |
| 14:53 | Investigar | Wheelbarrow |
| 14:54 | Crear | Villager (Male) |
| 14:54 | Crear | Villager (Male) |
| 14:54 | Crear | Villager (Male) |
| 14:58 | Crear | Villager (Male) |
| 15:05 | Construir | House |
| 15:06 | Construir | House |
| 15:08 | Construir | House |
| 15:09 | Construir | House |
| 15:31 | Construir | Stone Wall |
| 15:44 | Construir | Mining Camp |
| 16:07 | Crear | Scout Cavalry |
| 16:07 | Crear | Scout Cavalry |
| 16:10 | Crear | Skirmisher |
| 16:10 | Crear | Archer |
| 16:10 | Crear | Skirmisher |
| 16:11 | Crear | Archer |
| 16:12 | Crear | Archer |
| 16:12 | Crear | Archer |
| 16:13 | Crear | Archer |
| 16:14 | Crear | Archer |
| 16:14 | Crear | Archer |
| 17:14 | Construir | Building 487 |
| 17:41 | Construir | Farm |
| 17:48 | Construir | Farm |
| 17:56 | Construir | House |
| 18:30 | Construir | Stone Wall |
| 19:10 | Construir | Stone Wall |
| 19:40 | Construir | Stone Wall |
| 20:08 | Investigar | Castle Age |
| 20:10 | Investigar | Loom |
| 20:26 | Construir | Farm |
| 20:31 | Construir | Farm |
| 20:35 | Construir | Farm |
| 20:41 | Construir | House |
| 20:43 | Construir | House |
| 21:14 | Investigar | Stone Mining |
| 21:24 | Investigar | Gold Mining |
| 22:00 | Construir | House |
| 22:01 | Construir | House |
| 22:28 | Crear | Villager (Male) |
| 22:28 | Crear | Villager (Male) |
| 22:29 | Crear | Villager (Male) |
| 22:29 | Crear | Villager (Male) |
| 22:30 | Crear | Villager (Male) |
| 22:30 | Crear | Villager (Male) |
| 22:48 | Edad | Edad de los Castillos |
| 23:02 | Construir | Castle |
| 23:22 | Construir | Building 490 |
| 23:39 | Investigar | Bow Saw |
| 23:42 | Investigar | Heavy Plow |
| 23:52 | Construir | Town Center |
| 24:05 | Crear | Cavalry Archer |
| 24:06 | Crear | Skirmisher |
| 24:06 | Crear | Archer |
| 24:07 | Crear | Cavalry Archer |
| 24:07 | Crear | Cavalry Archer |
| 24:08 | Crear | Skirmisher |
| 24:08 | Crear | Skirmisher |
| 24:08 | Crear | Skirmisher |
| 24:37 | Construir | University |
| 25:01 | Construir | Farm |
| 25:34 | Construir | Stone Wall |
| 25:45 | Crear | Ballista Elephant |
| 25:53 | Crear | Villager (Male) |
| 25:54 | Crear | Villager (Male) |
| 25:54 | Crear | Villager (Male) |
| 25:55 | Crear | Villager (Male) |
| 25:55 | Crear | Villager (Male) |
| 25:56 | Crear | Villager (Male) |
| 26:12 | Construir | Farm |
| 26:17 | Construir | Farm |
| 26:20 | Construir | Farm |
| 26:26 | Construir | Farm |
| 26:39 | Investigar | Gold Shaft Mining |
| 28:22 | Construir | Building 487 |
| 28:35 | Crear | Cavalry Archer |
| 28:35 | Crear | Skirmisher |
| 28:35 | Crear | Archer |
| 28:36 | Crear | Skirmisher |
| 28:36 | Crear | Cavalry Archer |
| 28:37 | Crear | Archer |
| 28:37 | Crear | Cavalry Archer |
| 28:37 | Crear | Cavalry Archer |
| 28:38 | Crear | Skirmisher |
| 28:39 | Crear | Skirmisher |
| 28:39 | Crear | Skirmisher |
| 29:06 | Crear | Villager (Male) |
| 29:07 | Crear | Villager (Male) |
| 29:08 | Investigar | Town Patrol |
| 29:09 | Crear | Villager (Male) |
| 29:09 | Crear | Villager (Male) |
| 29:10 | Crear | Villager (Male) |
| 29:10 | Crear | Villager (Male) |
| 29:11 | Crear | Villager (Male) |
| 29:11 | Crear | Villager (Male) |
| 29:30 | Construir | Farm |
| 29:33 | Construir | Farm |
| 29:36 | Construir | Farm |
| 29:40 | Construir | Farm |
| 29:49 | Crear | Villager (Male) |
Cronología de la partida
| 9:29 | MAIZE8221 · first_building Barracks |
| 11:21 | Asdizio · first_building Barracks |
| 11:45 | marcoo_chiosi · age_up feudal |
| 12:30 | marcoo_chiosi · first_building Stable |
| 13:25 | DoN_888 · age_up feudal |
| 13:33 | Asdizio · age_up feudal |
| 13:37 | FEARthisDUDE · first_building Barracks |
| 14:10 | marcoo_chiosi · first_building Archery Range |
| 14:22 | Asdizio · first_building Stable |
| 14:37 | MAIZE8221 · first_building Archery Range |
| 15:31 | marcoo_chiosi · wall_segment Stone Wall x6 |
| 15:52 | Tosti133 · age_up feudal |
| 16:04 | FEARthisDUDE · first_market_buy 100 food |
| 16:10 | FEARthisDUDE · first_market_sell 100 wood |
| 16:56 | FEARthisDUDE · first_building Stable |
| 17:20 | Asdizio · first_building Archery Range |
| 18:30 | marcoo_chiosi · wall_segment Stone Wall x2 |
| 19:10 | marcoo_chiosi · wall_segment Stone Wall x1 |
| 19:40 | marcoo_chiosi · wall_segment Stone Wall x19 |
| 20:56 | MAIZE8221 · first_market_buy 100 food |
| 21:34 | Asdizio · age_up castle |
| 21:58 | Tosti133 · first_building Barracks |
| 22:48 | marcoo_chiosi · age_up castle |
| 23:02 | marcoo_chiosi · first_building Castle |
| 23:28 | FEARthisDUDE · first_building Castle |
| 23:53 | Asdizio · first_building Castle |
| 24:22 | Tosti133 · first_building Archery Range |
| 24:46 | DoN_888 · age_up castle |
| 25:15 | MAIZE8221 · first_building Castle |
| 25:34 | marcoo_chiosi · wall_segment Stone Wall x17 |
| 26:16 | MAIZE8221 · first_building Monastery |
| 26:26 | Asdizio · first_building Monastery |
| 27:13 | Tosti133 · wall_segment Stone Wall x14 |
| 28:06 | FEARthisDUDE · first_building Siege Workshop |
| 28:41 | Tosti133 · wall_segment Stone Wall x15 |
| 29:06 | Asdizio · first_building Siege Workshop |
| 30:33 | Tosti133 · age_up castle |
| 30:39 | Tosti133 · first_building Castle |
| 32:14 | Tosti133 · first_building Siege Workshop |
| 32:30 | marcoo_chiosi · first_market_sell 100 wood |
| 33:48 | DoN_888 · first_building Barracks |
| 35:03 | FEARthisDUDE · first_building Archery Range |
| 35:13 | Tosti133 · first_market_buy 100 food |
| 35:51 | marcoo_chiosi · age_up imperial |
| 37:19 | MAIZE8221 · first_building Siege Workshop |
| 38:27 | Tosti133 · age_up imperial |
| 38:53 | DoN_888 · first_building Castle |
| 41:06 | marcoo_chiosi · first_market_buy 100 stone |
| 43:07 | Asdizio · age_up imperial |
| 45:21 | Tosti133 · first_building Monastery |
| 47:25 | DoN_888 · age_up imperial |
| 48:20 | MAIZE8221 · resign |
| 53:21 | marcoo_chiosi · wall_segment Stone Wall x4 |
| 53:36 | marcoo_chiosi · wall_segment Stone Wall x1 |
| 55:29 | marcoo_chiosi · wall_segment Stone Wall x4 |
| 60:40 | marcoo_chiosi · wall_segment Stone Wall x12 |
| 61:32 | marcoo_chiosi · wall_segment Stone Wall x12 |
[ ANÁLISIS IA · 1 CRÉDITO ]
¿Qué pasó realmente en esta partida?
Wolo.gg analiza cada decisión: build order, eco, micro, errores típicos por bracket. Análisis personalizado por WhatsApp o Discord en 30 segundos.
Guía civ
Godos
Guía mapa
Arena
Perfil
DoN_888